 Dungeon Crawl Stone Soup version 0.21.1-1-g345015f (webtiles) character file.

834 t7DKbSm the Chopper (level 7, -2/62 HPs)
             Began as a Minotaur Berserker on May 24, 2018.
             Was a Priest of Trog.
             Killed by divine providence
             ... invoked by an orc priest
              (14 damage)
             ... on level 6 of the Dungeon.
             The game lasted 00:14:39 (4412 turns).

t7DKbSm the Chopper (Minotaur Berserker)            Turns: 4412, Time: 00:14:40

Health: -2/62      AC:  6    Str: 22    XL:     7   Next: 66%
Magic:  6/6        EV: 18    Int:  4    God:    Trog [***...]
Gold:   250        SH:  3    Dex: 11    Spells: 6/6 levels left

rFire    . . .     SeeInvis .   a - +0 hand axe
rCold    . . .     Gourm    .   u - +0 buckler
rNeg     . . .     Faith    .   h - +0 ring mail
rPois    .         Spirit   .   (helmet restricted)
rElec    .         Reflect  .   (no cloak)
rCorr    .         Harm     .   (no gloves)
MR       .....                  (no boots)
Stlth    +.........             (no amulet)
HPRegen  0.20/turn              j - +3 ring of evasion
MPRegen  0.10/turn              D - +4 ring of evasion

@: no status effects
A: retaliatory headbutt, horns 2
a: Berserk, Trog's Hand, Burn Spellbooks, Renounce Religion


You were on level 6 of the Dungeon.
You worshipped Trog.
Trog was most pleased with you.
You were not hungry.

You visited 1 branch of the dungeon, and saw 6 of its levels.

You collected 250 gold pieces.

Inventory:

Hand Weapons
 a - a +0 hand axe (weapon)
 o - a +0 morningstar
 r - a +1 hunting sling of flaming
Missiles
 s - 69 stones (quivered)
Armour
 d - a +0 plate armour
 h - a +0 ring mail (worn)
 i - a +0 leather armour
 u - a +0 buckler (worn)
Jewellery
 j - a +3 ring of evasion (left hand)
 p - a +3 ring of intelligence
 t - an uncursed ring of ice
 D - a +4 ring of evasion (right hand)
Scrolls
 b - a scroll of teleportation {unknown}
 e - a scroll of noise {unknown}
 f - 5 scrolls of identify {unknown}
 g - 3 scrolls of remove curse {unknown}
 q - 2 scrolls of enchant armour {unknown}
 v - a scroll of random uselessness {unknown}
 w - a scroll of fog {unknown}
 x - a scroll of amnesia {unknown}
 y - a scroll of blinking {unknown}
 z - 2 scrolls of enchant weapon {unknown}
Potions
 k - 3 potions of curing
 l - a potion of agility {unknown}
 m - a potion of magic {unknown}
 n - a potion of berserk rage {unknown}
 A - a potion of heal wounds {unknown}
 B - a potion of degeneration {unknown}
 C - a potion of flight {unknown}
Comestibles
 c - 3 rations


   Skills:
 + Level 5.9 Fighting
 + Level 7.2 Axes
 + Level 5.9 Armour
 + Level 3.5 Dodging
 + Level 1.3 Stealth
 + Level 0.3 Shields


You had 6 spell levels left.
You didn't know any spells.

Dungeon Overview and Level Annotations

Branches:
Dungeon (6/15)             Temple (0/1) D:6

Altars:
Dithmenos
Makhleb
Ru
Vehumet


Innate Abilities, Weirdness & Mutations

You reflexively headbutt those who attack you in melee.
You have a pair of horns on your head.


Message History

You kill the giant cockroach!
Trog accepts your kill.
A wight comes into view. It is wielding a flail.
A wight comes into view. It is wielding a falchion.
The orc warrior misses you. You furiously retaliate!
You headbutt the orc warrior. The orc priest hits you with a whip.
You see here a giant cockroach corpse.
You hit the orc warrior but do no damage.
Your headbutt misses the orc warrior.
The orc warrior is lightly wounded.
You completely miss the orc priest.
The orc priest mumbles some strange prayers to Beogh against you.
Beogh smites you!
The orc priest calls down the wrath of Beogh upon you.
Beogh smites you!
The orc warrior hits you with a halberd!!
* * * LOW HITPOINT WARNING * * *
The orc priest calls down the wrath of Beogh upon you.
Beogh smites you!
You die...

......... ..... ..#.#
###....# #.... .....
......... #.... #.#.# #
####....# . #.... #.#.#
#. ##....#
..#....##.#.###.###......
.....o..................#
..#.z.o##.#.##..........#
...z.oo†@.........<.#...#
#.#..z###.#.###.###.#...#
.....>......†............
#.##..###..⌠............#
# #........##.#...#
#⌠.>.⌠...##.#...#
#................
#....⌠........##...
#.#.....#.######...


You could see an orc warrior, 3 wights and 3 orc priests.

Vanquished Creatures
  The ghost of raikaria the Skirmisher, an amateur DsMo of Xom (D:3)
  A phantom (D:5)
  2 ogres (D:4)
  2 scorpions
  A crimson imp (D:5)
  2 hounds (D:5)
  A jelly (D:6)
  An orc wizard (D:3)
  A statue (D:5)
  5 adders
  A shadow imp (D:5)
  2 oozes (D:1)
  2 adder skeletons
  2 worms
  3 dart slugs (D:1)
  4 leopard geckos
  2 orcs (D:3)
  7 giant cockroaches
  12 hobgoblins
  14 jackals
  3 kobolds (D:1)
  2 quokkas (D:4)
  A ball python (D:1)
  6 bats
  3 frilled lizards
  11 goblins
  A leopard gecko skeleton (D:5)
  8 rats
101 creatures vanquished.

Notes
Turn   | Place    | Note
-------+----------+-------------------------------------------
     0 | D:1      | t7DKbSm the Minotaur Berserker began the quest for the Orb.
     0 | D:1      | Reached XP level 1. HP: 19/19 MP: 0/0
    99 | D:1      | Reached XP level 2. HP: 27/27 MP: 1/1
   210 | D:1      | Reached skill level 4 in Axes
   463 | D:1      | Reached XP level 3. HP: 21/33 MP: 2/2
  1346 | D:2      | Reached ** piety under Trog
  1525 | D:2      | Found a sacrificial altar of Ru.
  1590 | D:2      | Reached XP level 4. HP: 41/41 MP: 3/3
  1970 | D:3      | Noticed raikaria's ghost (amateur DsMo)
  1988 | D:3      | Killed raikaria's ghost
  1988 | D:3      | Reached skill level 5 in Fighting
  1988 | D:3      | Reached skill level 5 in Axes
  1988 | D:3      | Reached XP level 5. HP: 44/48 MP: 4/4
  2045 | D:3      | Found a burning altar of Makhleb.
  2164 | D:3      | Reached skill level 1 in Stealth
  2193 | D:3      | Reached XP level 6. HP: 42/56 MP: 5/5
  2561 | D:4      | Reached skill level 6 in Axes
  3074 | D:4      | Reached skill level 5 in Armour
  3263 | D:5      | Entered Level 5 of the Dungeon
  3280 | D:5      | Reached XP level 7. HP: 53/61 MP: 6/6
  3312 | D:5      | Found a sacrificial altar of Ru.
  3385 | D:5      | Reached *** piety under Trog
  3411 | D:5      | Found a radiant altar of Vehumet.
  4011 | D:5      | Reached skill level 7 in Axes
  4224 | D:5      | Found a shadowy altar of Dithmenos.
  4393 | D:6      | Found a staircase to the Ecumenical Temple.
  4412 | D:6      | Killed from afar by an orc priest

Skill      XL: |  1  2  3  4  5  6  7 |
---------------+----------------------+-----
Fighting       | 4 5 |  5.9
Axes           | 4 5 6 7 |  7.2
Armour         | 3 4 5 |  5.9
Dodging        | 3 |  3.5
Stealth        | 1 |  1.3
Shields        | |  0.3

Action                   |  1- 3 |  4- 6 |  7- 9 || total
-------------------------+-------+-------+-------++-------
Melee: Hand axe          |    72 |    99 |    64 ||   235
       Headbutt          |    15 |    18 |    13 ||    46
Invok: Berserk           |       |     1 |       ||     1
 Stab: Sleeping          |     1 |       |       ||     1
  Eat: Chunk             |     2 |     6 |       ||     8
       Ration            |       |       |     1 ||     1
Armor: Animal skin       |     4 |       |       ||     4
       Ring mail         |    17 |    24 |    13 ||    54
Dodge: Dodged            |    39 |    67 |    31 ||   137
Block: Buckler           |       |       |     4 ||     4
